 Dungeon Crawl Stone Soup version 0.29.1-12-g30fa7ad0bf (webtiles) character file.

Game seed: 5049786763194634133

114 cheesebisquit the Digger (level 4, -3/25 HPs)
             Began as a Gargoyle Earth Elementalist on Jan 16, 2023.
             Slain by Crazy Yiuf
             ... wielding a +2 quarterstaff of chaos
              (10 damage)
             ... on level 3 of the Dungeon.
             The game lasted 00:10:27 (3416 turns).

cheesebisquit the Digger (GrEE)                     Turns: 3416, Time: 00:10:28

Health: -3/25      AC:  7    Str: 11    XL:     4   Next: 98%
Magic:  3/8        EV: 11    Int: 18    God:
Gold:   211        SH:  0    Dex: 10    Spells: 5/9 levels left

rFire   . . .      SeeInvis .   s - +4 dagger
rCold   . . .      Faith    .   (no shield)
rNeg    + . .      Spirit   .   m - +0 leather armour
rPois   ∞          Reflect  .   (no helmet)
rElec   +          Harm     .   (no cloak)
rCorr   +          Rampage  .   r - +0 pair of gloves
Will    .....                   (no boots)
Stlth   ++........              (no amulet)
HPRegen 0.08/turn               t - ring of resist corrosion
MPRegen 0.11/turn               x - +4 ring of slaying

@: no status effects
A: sickness immunity, AC +3, negative energy resistance 1, electricity
resistance, torment resistance 1, petrification resistance
a: no special abilities


You were on level 3 of the Dungeon.
You visited 1 branch of the dungeon, and saw 3 of its levels.

You collected 211 gold pieces.

Inventory:

Hand Weapons
 s - a +4 dagger (weapon)
Armour
 a - a +0 robe
 m - a +0 leather armour (worn)
 r - a +0 pair of gloves (worn)
Magical Staves
 g - a staff of fire
Jewellery
 t - a ring of resist corrosion (left hand)
 x - a +4 ring of slaying (right hand)
Wands
 b - a wand of roots (3)
 v - a wand of mindburst (10)
Scrolls
 c - a scroll of noise {unknown}
 d - 2 scrolls of fog {unknown}
 e - 2 scrolls of teleportation {unknown}
 f - 2 scrolls of immolation {unknown}
 h - a scroll of enchant weapon {unknown}
 i - a scroll of vulnerability {unknown}
 j - a scroll of identify {unknown}
 o - a scroll of enchant armour {unknown}
 w - a scroll of torment {unknown}
Potions
 k - a potion of lignification {unknown}
 l - a potion of heal wounds {unknown}
 n - 2 potions of curing {unknown}
 p - a potion of haste {unknown}
 q - a potion of degeneration {unknown}
 u - a potion of resistance {unknown}


   Skills:
 + Level 1.0 Fighting
 - Level 1.7 Dodging
 - Level 2.4 Stealth
 + Level 3.1 Spellcasting
 + Level 1.1 Conjurations
 - Level 1.0 Transmutations
 + Level 4.9 Earth Magic


You had 5 spell levels left.
You knew the following spells:

 Your Spells              Type           Power      Damage    Failure   Level
a - Sandblast             Erth           40%        2d10      2%          1
b - Stone Arrow           Conj/Erth      26%        3d8       19%         3

Your spell library contained the following spells:

 Spells                   Type           Power      Damage    Failure   Level
 Passwall                 Tmut/Erth      10%        N/A       10%         2
 Petrify                  Tmut/Erth      13%        N/A       52%         4
 Ozocubu's Armour         Ice            2%         N/A       54%         3
 Ozocubu's Refrigeration  Ice            1%         4d7       100%        7


Dungeon Overview and Level Annotations

Branches:
Dungeon (3/15)

Altars:

Annotations:
D:3 Crazy Yiuf, Ijyb


Innate Abilities, Weirdness & Mutations

You are immune to sickness and miasma.
Your stone body is resilient. (AC +3)
You are immune to poison.
You resist negative energy. (rN+)
You are resistant to electric shocks. (rElec)
You are resistant to unholy torment.
You are immune to petrification.


Message History

a +0 dagger; a kobold corpse
Found a stone staircase leading down.
x - a +4 ring of slaying
x - a +4 ring of slaying (right hand)
You see here a +0 hammer.
You see here a +0 hammer.
Found a runed translucent door.
You open the door.
Crazy Yiuf flaps his cloak.
Crazy Yiuf drinks a potion.
Crazy Yiuf goes berserk!
The blast of sand hits Crazy Yiuf but does no damage.
The blast of sand hits Crazy Yiuf.
Crazy Yiuf is lightly wounded.
Crazy Yiuf hits you with a +2 quarterstaff of chaos.
Crazy Yiuf barely misses you.
The blast of sand hits Crazy Yiuf!
Crazy Yiuf is moderately wounded.
Crazy Yiuf hits you but does no damage.
Crazy Yiuf hits you with a +2 quarterstaff of chaos.
Crazy Yiuf burns you.
Crazy Yiuf hits you with a +2 quarterstaff of chaos.
* * * LOW HITPOINT WARNING * * *
You are too injured to fight recklessly!
Casting: Sandblast (safe; 2% risk of failure)
Confirm with . or Enter, or press ? or * to list all spells.
Aiming: Sandblast (safe; 2% risk of failure)
Press: ? - help, Shift-Dir - straight line, f/p - Crazy Yiuf
Aim: Crazy Yiuf, wielding a +2 quarterstaff of chaos and wearing a +2 cloak of poison resistance (moderately wounded, berserk, 85% to hit)
The blast of sand hits Crazy Yiuf!
Crazy Yiuf is severely wounded.
Crazy Yiuf closely misses you. Crazy Yiuf barely misses you.
Casting: Sandblast (safe; 2% risk of failure)
Confirm with . or Enter, or press ? or * to list all spells.
Aiming: Sandblast (safe; 2% risk of failure)
Press: ? - help, Shift-Dir - straight line, f/p - Crazy Yiuf
Aim: Crazy Yiuf, wielding a +2 quarterstaff of chaos and wearing a +2 cloak of poison resistance (severely wounded, berserk, 85% to hit)
The blast of sand hits Crazy Yiuf.
Crazy Yiuf is severely wounded.
Crazy Yiuf hits you with a +2 quarterstaff of chaos!
You die...

...#........#
............#
............#
........#####
........#
........##♣♣♣♣♣
..>#+###.)P.♣.♣♣♣ ###
##.......))..♣..♣#...#
##.##....PP♣♣♣♣@g...#
#........♣♣ ♣♣#..)#
#..#####♣♣ ### #..#
#..#### #.....### ###
####....#### #.#
###..........# #.#
......##.....###.#


You could see Crazy Yiuf (berserk).

Vanquished Creatures
  3 gnolls (D:2)
  An adder (D:2)
  2 dart slugs
  3 endoplasms
  10 giant cockroaches
  6 goblins
  6 hobgoblins
  6 jackals (D:1)
  3 quokkas (D:1)
  8 ball pythons
  5 bats
  2 frilled lizards (D:1)
  4 kobolds
  5 rats
64 creatures vanquished.

Notes
Turn   | Place    | Note
-------+----------+-------------------------------------------
     0 | D:1      | cheesebisquit the Gargoyle Earth Elementalist began the
                  | quest for the Orb.
     0 | D:1      | Reached XP level 1. HP: 10/10 MP: 3/3
   330 | D:1      | Reached skill level 1 in Transmutations
   330 | D:1      | Reached XP level 2. HP: 15/15 MP: 3/5
   662 | D:1      | Reached skill level 4 in Earth Magic
   756 | D:1      | Reached XP level 3. HP: 3/19 MP: 2/6
  1074 | D:1      | You fall into a shaft and drop 1 floor!
  1762 | D:2      | Learned a level 3 spell: Stone Arrow
  1850 | D:2      | Reached XP level 4. HP: 24/24 MP: 6/8
  2116 | D:2      | Found a faded altar of an unknown god.
  2449 | D:3      | Reached skill level 1 in Conjurations
  2468 | D:3      | Reached skill level 1 in Fighting
  2638 | D:3      | Noticed Ijyb
  3407 | D:3      | Found a runed translucent door.
  3408 | D:3      | Noticed Crazy Yiuf
  3416 | D:3      | Slain by Crazy Yiuf

Illustrated notes

Levels and vault maps discovered:
D:1:      minmay_arrival_shoal_huts, layout_basic, nrook_mini_backslash
D:2:      layout_rooms, shapermc_ecumenical_altar_mp_vishouse,
          serial_bayou_crossing
D:3:      minmay_roachtagon, layout_basic, minmay_misc_feat_encased,
          patterned_corridor, uniq_crazy_yiuf_cottage, uniq_ijyb

Skill      XL: |  1  2  3  4 |
---------------+-------------+-----
Transmutations | 1 |  1.0
Earth Magic    | 4 |  4.9
Spellcasting   | 3 |  3.1
Conjurations   | 1 |  1.1
Fighting       | 1 |  1.0
Dodging        | |  1.7
Stealth        | |  2.4

Action                   |  1- 3 |  4- 6 || total
-------------------------+-------+-------++-------
Melee: Unarmed           |     5 |       ||     5
       Dagger            |    21 |    22 ||    43
 Cast: Sandblast         |    59 |    53 ||   112
  Use: Potion            |     2 |       ||     2
Armor: Robe              |    28 |     1 ||    29
       Leather armour    |       |    32 ||    32
Dodge: Dodged            |    49 |    44 ||    93
